 Dungeon Crawl Stone Soup version 0.20.1-1-g8b1a95d (webtiles) character file.

1701 vishdafish the Fortune-Teller (level 8, -2/62 HPs)
             Began as a Demonspawn Fighter on July 3, 2017.
             Was a Believer of Nemelex Xobeh.
             Slain by an orc warrior
             ... wielding a +2 battleaxe of chopping
              (21 damage)
             ... on level 7 of the Dungeon.
             The game lasted 00:08:32 (6098 turns).

vishdafish the Fortune-Teller (Demonspawn Fighter)  Turns: 6098, Time: 00:08:33

Health: -2/62      AC:  8    Str: 19    XL:     8   Next: 73%
Magic:  13/13      EV:  8    Int: 15    God:    Nemelex Xobeh [**....]
Gold:   277        SH: 14    Dex: 13    Spells: 7/7 levels left

rFire    . . .     SeeInvis .   a - +0 war axe
rCold    . . .     Gourm    .   c - +0 shield
rNeg     . . .     Faith    .   b - +0 scale mail
rPois    .         Spirit   .   (helmet restricted)
rElec    .         Reflect  +   (no cloak)
rCorr    .         Harm     .   n - +0 pair of gloves
MR       .....                  (no boots)
Stlth    ..........             H - +5 amulet of reflection
Regen    0.2/turn               r - +4 ring of intelligence
MPRegen  0.2/turn               (no ring)

@: lethally poisoned (-2 -> -3)
A: claws 1, horns 2, clever 1, demonic guardian 1, foul stench 1, rot immunity
a: Renounce Religion


You were on level 7 of the Dungeon.
You worshipped Nemelex Xobeh.
Nemelex Xobeh was pleased with you.
You were not hungry.

You visited 1 branch of the dungeon, and saw 7 of its levels.

You collected 277 gold pieces.

Inventory:

Hand Weapons
 a - a +0 war axe (weapon)
Armour
 b - a +0 scale mail (worn)
 c - a +0 shield (worn)
 n - a +0 pair of gloves (worn)
Jewellery
 r - a +4 ring of intelligence (left hand)
 x - an uncursed ring of ice {unknown}
 H - a +5 amulet of reflection (around neck)
Wands
 l - a wand of iceblast (12/15)
 J - a wand of flame (6/48)
Scrolls
 e - 5 scrolls of remove curse
 h - 3 scrolls of amnesia
 j - 2 scrolls of fear {unknown}
 m - 2 scrolls of teleportation {unknown}
 o - a scroll of identify {unknown}
 q - 2 scrolls of enchant armour {unknown}
 s - 2 scrolls of fog {unknown}
 C - a scroll of noise {unknown}
 G - a scroll of magic mapping {unknown}
 I - a scroll of immolation {unknown}
Potions
 d - 3 potions of might
 k - a potion of lignification
 p - 4 potions of berserk rage {unknown}
 w - a potion of magic {unknown}
 z - a potion of mutation
 B - a potion of heal wounds
 E - 2 potions of degeneration {unknown}
 F - a potion of curing {unknown}
 K - a potion of agility {unknown}
Books
 y - a book of Changes

   Spells                             Type                      Level
   a - Beastly Appendage              Transmutation                1
   b - Sticks to Snakes               Transmutation                2
   c - Spider Form                    Transmutation/Poison         3
   d - Ice Form                       Ice/Transmutation            4
   e - Blade Hands                    Transmutation                5
Miscellaneous
 t - a plain deck of destruction {drawn: 3}
 v - a plain deck of destruction
 A - a plain deck of summoning {drawn: 2}
 D - a plain deck of escape
Comestibles
 f - 2 bread rations
 g - a meat ration
 i - 3 fruits
 u - 2 royal jellies


   Skills:
 + Level 5.3 Fighting
 * Level 5.6 Axes
 + Level 4.6 Armour
 + Level 3.1 Dodging
 - Level 2.8 Shields
 * Level 7.8 Invocations


You had 7 spell levels left.
You didn't know any spells.

Dungeon Overview and Level Annotations

Branches:
Dungeon (7/15)             Temple (0/1) D:6

Altars:
Ashenzari
Cheibriados
Elyvilon
Fedhas
Gozag
Kikubaaqudgha
Nemelex Xobeh
Okawaru
Qazlal
Ru
Uskayaw


Innate Abilities, Weirdness & Mutations

You have a pair of horns on your head.
A weak demonic guardian rushes to your aid.
You may emit foul miasma when damaged in melee.
You are immune to rotting.
You have sharp fingernails.
Your mind is acute. (Int +2)


Message History

You draw a card...
It is the Illusion.
Suddenly you stand beside yourself. The orc wizard casts a spell at you.
The magic dart hits vishdafish's illusion.
You block the adder's attack.
Evoke which item? (* to show all) (? for menu, Esc to quit)
You draw a card...
It is the Dance.
The orc wizard casts a spell at you.
The magic dart hits vishdafish's illusion.
You block the orc warrior's attack.
The orc warrior hits your iron imp with a battleaxe of chopping!
Your iron imp dies!
The orc warrior hits vishdafish's illusion but does no damage.
The adder bites you.
Vishdafish's illusion hits the orc wizard.
You feel sick. You block the adder's attack.
The orc wizard hits vishdafish's illusion but does no damage.
The howler monkey skeleton hits you.
The orc warrior hits you with a battleaxe of chopping!!
You die...
Your body glows with a rainbow of weird colours and disappears.

# #.............# ##
#.....รท.#####+## .#
#.......# .... .#
#.......# ..... .####
#.......# #.....
....######.......##......
.##.............(........
.##.############.Z#.##.##
.##.# #@$# # .##.# #So#
.#### #@)..# ...# #o#..#
.### #.#..# .# .....# .#
......# ..# ..#...# ...
##. #.#


You could see an orc warrior, an orc wizard, an adder, a howler monkey skeleton,
a friendly enchanted trident and the friendly vishdafish's illusion.

Vanquished Creatures
  Menkaure (D:6)
  A centaur (D:3)
  Blork the orc (D:6)
  2 bullfrogs (D:6)
  3 scorpions
  2 howler monkeys
  A bullfrog zombie (D:6)
  7 crimson imps
  A quasit (D:5)
  An orc priest (D:7)
  2 hounds
  5 orc wizards
  2 iguanas (D:6)
  5 worker ants
  A killer bee zombie (D:7)
  A hound skeleton (D:5)
  8 adders
  A howler monkey skeleton (D:4)
  2 shadow imps
  2 oozes
  2 adder skeletons
  An adder zombie (D:6)
  3 worms
  3 dart slugs
  4 leopard geckos
  16 orcs
  3 ball pythons
  4 bats
  7 giant cockroaches
  4 goblins
  7 hobgoblins
  9 jackals
  2 quokkas
  A frilled lizard (D:5)
  7 kobolds
  A leopard gecko skeleton (D:6)
  8 rats
131 creatures vanquished.

Vanquished Creatures (collateral kills)
  Edmund (D:6)
  A bullfrog (D:6)
  An orc priest (D:6)
  An orc wizard (D:3)
  The ghost of KleinerIrrer the Insei, a weakling OpTm (D:3)
  A goblin (D:3)
  A rat (D:3)
7 creatures vanquished.

Grand Total: 138 creatures vanquished

Notes
Turn   | Place    | Note
-------+----------+-------------------------------------------
     0 | D:1      | vishdafish the Demonspawn Fighter began the quest for the Orb.
     0 | D:1      | Reached XP level 1. HP: 18/18 MP: 1/1
   420 | D:1      | Gained mutation: You are immune to rotting. [demonic ancestry]
   420 | D:1      | Reached XP level 2. HP: 23/24 MP: 2/2
   963 | D:2      | Found a sparkling altar of Nemelex Xobeh.
   965 | D:2      | Found an opulent altar of Gozag.
   987 | D:2      | Became a worshipper of Nemelex Xobeh the Trickster
  1014 | D:2      | Gained mutation: You have a pair of small horns on your head. [demonic ancestry]
  1014 | D:2      | Reached XP level 3. HP: 24/29 MP: 3/3
  1184 | D:2      | Received a gift from Nemelex Xobeh
  1251 | D:2      | Found an ancient bone altar of Kikubaaqudgha.
  1251 | D:2      | Found a sacrificial altar of Ru.
  1350 | D:2      | Reached skill level 1 in Invocations
  1352 | D:2      | Found an iron altar of Okawaru.
  1606 | D:3      | Noticed a centaur
  1615 | D:3      | Killed a centaur
  1615 | D:3      | Reached skill level 1 in Dodging
  1615 | D:3      | Reached skill level 3 in Invocations
  1615 | D:3      | Reached XP level 4. HP: 6/35 MP: 4/6
  1615 | D:3      | Gained mutation: You have a pair of horns on your head. [demonic ancestry]
  1615 | D:3      | Reached XP level 5. HP: 7/41 MP: 4/7
  1639 | D:3      | Noticed KleinerIrrer's ghost (weakling OpTm)
  1645 | D:3      | Killed KleinerIrrer's ghost
  2243 | D:3      | Found a stormy altar of Qazlal.
  2246 | D:3      | Noticed an air elemental
  2246 | D:3      | Noticed a water elemental
  2246 | D:3      | Noticed a fire elemental
  2310 | D:3      | Received a gift from Nemelex Xobeh
  2353 | D:3      | Reached * piety under Nemelex Xobeh
  2608 | D:4      | Reached skill level 4 in Invocations
  2608 | D:4      | Reached XP level 6. HP: 45/48 MP: 7/9
  2662 | D:4      | Gained mutation: You have sharp fingernails. [potion of mutation]
  2662 | D:4      | Gained mutation: Your mind is acute. (Int +2) [potion of mutation]
  2954 | D:4      | Found a snail-covered altar of Cheibriados.
  3271 | D:4      | Found a white marble altar of Elyvilon.
  3503 | D:4      | Gained mutation: A weak demonic guardian rushes to your aid. [demonic ancestry]
  3503 | D:4      | Reached XP level 7. HP: 54/54 MP: 10/10
  3793 | D:5      | Entered Level 5 of the Dungeon
  3874 | D:5      | Reached skill level 5 in Invocations
  4119 | D:5      | Found a hide-covered altar of Uskayaw.
  4132 | D:5      | Received a gift from Nemelex Xobeh
  4727 | D:6      | Reached ** piety under Nemelex Xobeh
  4777 | D:6      | Received a gift from Nemelex Xobeh
  4847 | D:6      | Reached skill level 6 in Invocations
  4957 | D:6      | Noticed Menkaure
  4965 | D:6      | Killed Menkaure
  4965 | D:6      | Reached skill level 5 in Axes
  4965 | D:6      | Gained mutation: You may emit foul miasma when damaged in melee. [demonic ancestry]
  4965 | D:6      | Reached XP level 8. HP: 34/61 MP: 12/12
  5168 | D:6      | Found a shattered altar of Ashenzari.
  5179 | D:6      | Noticed Edmund
  5196 | D:6      | Killed Edmund
  5250 | D:6      | Reached skill level 5 in Fighting
  5250 | D:6      | Reached skill level 7 in Invocations
  5268 | D:6      | Found a blossoming altar of Fedhas.
  5551 | D:6      | Found a staircase to the Ecumenical Temple.
  5605 | D:6      | Noticed Blork the orc
  5612 | D:6      | Killed Blork the orc
  6098 | D:7      | Slain by an orc warrior

Skill      XL: |  1  2  3  4  5  6  7  8 |
---------------+-------------------------+-----
Armour         | 3 4 |  4.6
Axes           | 2 3 4 5 |  5.6
Invocations    | 3 4 6 7 |  7.8
Dodging        | 1 2 3 |  3.1
Fighting       | 4 5 |  5.3
Shields        | |  2.8

Action                   |  1- 3 |  4- 6 |  7- 9 || total
-------------------------+-------+-------+-------++-------
Melee: War axe           |   111 |   140 |   220 ||   471
       Headbutt          |     6 |    30 |    45 ||    81
Evoke: Deck              |     1 |     2 |     2 ||     5
  Use: Potion            |       |     3 |       ||     3
       Scroll            |       |       |     2 ||     2
 Stab: Distracted        |       |     1 |     1 ||     2
  Eat: Chunk             |     2 |     6 |     9 ||    17
Armor: Scale mail        |    77 |    64 |    73 ||   214
       Skin              |       |     1 |       ||     1
Dodge: Dodged            |    35 |    41 |    56 ||   132
Block: Shield            |    59 |    68 |   100 ||   227
